 Dungeon Crawl Stone Soup version 0.32-a0-314-g526f7d4 (webtiles) character file.

Game seed: 18403073812065286285

900 sdynet the Firebug (level 7, -14/50 HPs)
             Began as a Mountain Dwarf Fire Elementalist on Feb 15, 2024.
             Killed by an exploding adder (39 damage)
             ... ignited by their inner flame
             ... on level 4 of the Dungeon.
             The game lasted 00:16:57 (4939 turns).

sdynet the Firebug (MDFE)                           Turns: 4939, Time: 00:16:58

Health: -14/50     AC:  3    Str: 10    XL:     7   Next: 79%
Magic:  0/14       EV: 11    Int: 18    God:
Gold:   225        SH:  0    Dex: 10    Spells: 3/16 levels left

rFire   . . .        a - +4 dagger
rCold   . . .        (no shield)
rNeg    . . .        i - +0 leather armour
rPois   +            (no helmet)
rElec   .            (no cloak)
rCorr   +            (no gloves)
SInv    .            (no boots)
Will    .....        (no amulet)
Stlth   +            g - ring of poison resistance
HPRegen 0.28/turn    b - ring of resist corrosion
MPRegen 0.14/turn

%: no passive effects
@: about to teleport
A: runic magic, artefact enchanting
a: no special abilities


You were on level 4 of the Dungeon.
You visited 1 branch of the dungeon, and saw 4 of its levels.

You collected 225 gold pieces.

Inventory:

Hand Weapons
 a - a +4 dagger (weapon)
Armour
 d - an orb of mayhem
 e - a +0 ring mail
 i - a +0 leather armour (worn)
Jewellery
 b - a ring of resist corrosion (right hand)
 g - a ring of poison resistance (left hand)
 h - an amulet of guardian spirit
Wands
 k - a wand of iceblast (10)
 n - a wand of flame (14)
Scrolls
 c - a scroll of fog {!r}
 l - a scroll of blinking {unknown}
 m - a scroll of teleportation {!r}
 o - a scroll of vulnerability {unknown}
Potions
 f - a potion of attraction
 j - a potion of curing {!q}
 p - 2 potions of enlightenment {unknown}


   Skills:
 - Level 1.3 Dodging
 - Level 1.4 Stealth
 + Level 5.0 Spellcasting
 + Level 3.2 Conjurations
 - Level 1.0 Hexes
 - Level 1.0 Translocations
 + Level 7.4 Fire Magic


You had 3 spell levels left.
You knew the following spells:

 Your Spells              Type           Power      Damage    Failure   Level
a - Foxfire               Conj/Fire      92%        2x1d8     1%          1
b - Scorch                Fire           62%        2d7       1%          2
c - Inner Flame           Hex/Fire       19%        N/A       8%          3
d - Volatile Blastmotes   Fire/Tloc      38%        2d13      8%          3
e - Flame Wave            Conj/Fire      23%        2d8       16%         4

Your spell library contained the following spells:

 Spells                   Type           Power      Damage    Failure   Level
 Static Discharge         Conj/Air       20%        3-4/arc   11%         2
 Call Imp                 Summ           8%         N/A       22%         2
 Sublimation of Blood     Necr           4%         N/A       22%         2
 Airstrike                Air            2%         2d(1-17)  80%         4
 Summon Lightning Spire   Summ/Air       4%         N/A       80%         4
 Sculpt Simulacrum        Ice/Alch       2%         N/A       100%        6
 Ozocubu's Refrigeration  Ice            2%         4d7       100%        7
 Summon Hydra             Summ           2%         N/A       100%        7
 Polar Vortex             Ice            2%         N/A       100%        9


Dungeon Overview and Level Annotations

Branches:
Dungeon (4/15)
 Temple: D:4-7

Altars:

Annotations:
D:4 Duvessa


Innate Abilities, Weirdness & Mutations

Your spellcasting is much less encumbered by armour.
You can use scrolls of enchantment on lesser artefacts.


Message History

Casting: Inner Flame (dangerous; 8% risk of failure)
Confirm with . or Enter, or press ? or * to list all spells.
You miscast Foxfire.
Nothing appears to happen.
Duvessa is engulfed in blazing flames.
Flame seeps out of Duvessa.
Casting: Foxfire (safe; 1% risk of failure)
Confirm with . or Enter, or press ? or * to list all spells.
You conjure some foxfire!
The foxfire hits the adder.
Flame seeps out of the adder.
The adder is lightly wounded.
The foxfire hits the adder.
Flame seeps out of the adder.
The adder is moderately wounded.
The adder is engulfed in blazing flames.
Flame seeps out of the adder.
Duvessa is engulfed in blazing flames.
Flame seeps out of Duvessa.
The adder bites you.
Casting: Foxfire (safe; 1% risk of failure)
Confirm with . or Enter, or press ? or * to list all spells.
You conjure some foxfire!
The adder bites you.
Duvessa is engulfed in blazing flames.
Flame seeps out of Duvessa.
The foxfire hits Duvessa.
Flame seeps out of Duvessa.
Duvessa is moderately wounded.
Your foxfire dissipates!
Duvessa is engulfed in blazing flames.
Flame seeps out of Duvessa.
Okay, then.
Okay, then.
Okay, then.
As you read the scroll of teleportation {!r}, it crumbles to dust.
You feel strangely unstable. The adder bites you. Duvessa barely misses you.
The adder barely misses you. The adder attacks as it pursues you!
The adder bites you but does no damage. Duvessa hits you with a +0 rapier!
Casting: Foxfire (safe; 1% risk of failure)
Confirm with . or Enter, or press ? or * to list all spells.
You conjure some foxfire!
The adder barely misses you. Duvessa hits you with a +0 rapier!
Your magical contamination has completely faded away.
The foxfire hits the adder.
The adder explodes!
The fiery explosion engulfs you!!!
Ouch! That really hurt!
You die...

#.....#................
###....[................
......[[...............#
.......................#
.......................#
#......###...........#..
##..... ##...........##.
.......##v..........###.
.......@§§.......(..##..
.....##§§e.............#
........§§..............
. ......................
#.....#................
#...!.#................
...##...☼○☼............
.........$§............
....##...............


You could see Duvessa (berserk, inner flame, ally target).

Vanquished Creatures
  Sigmund (D:2)
  An ogre (D:4)
  Blork the orc (D:4)
  2 scorpions
  Dowan (D:4)
  A hound (D:3)
  A jelly (D:4)
  An orc priest (D:4)
  Natasha (thrice) (D:3)
  An iguana (D:4)
  3 gnolls
  4 adders
  4 ribbon worms
  An orc (D:4)
  9 ball pythons
  10 endoplasms
  5 giant cockroaches
  9 hobgoblins
  3 jackals
  7 kobolds
  2 quokkas (D:2)
  7 bats
  5 frilled lizards
  7 goblins
  A rat (D:2)
90 creatures vanquished.

Vanquished Creatures (collateral kills)
  A foxfire (D:2)
1 creature vanquished.

Vanquished Creatures (others)
  An orc wizard (D:4)
  107 foxfires
108 creatures vanquished.

Grand Total: 199 creatures vanquished

Notes
Turn   | Place    | Note
-------+----------+-------------------------------------------
     0 | D:1      | sdynet the Mountain Dwarf Fire Elementalist began the quest
                  | for the Orb.
     0 | D:1      | Reached XP level 1. HP: 14/14 MP: 3/3
    20 | D:1      | Reached skill level 1 in Conjurations
   357 | D:1      | Reached skill level 4 in Fire Magic
   357 | D:1      | Reached XP level 2. HP: 20/20 MP: 3/5
   652 | D:1      | Learned a level 2 spell: Scorch
   673 | D:1      | Reached XP level 3. HP: 26/26 MP: 4/6
  1542 | D:2      | Learned a level 3 spell: Inner Flame
  1719 | D:2      | Noticed Sigmund
  1737 | D:2      | Killed Sigmund
  1738 | D:2      | Reached skill level 1 in Hexes
  1738 | D:2      | Reached skill level 5 in Fire Magic
  1738 | D:2      | Reached XP level 4. HP: 11/33 MP: 5/9
  1738 | D:2      | Reached XP level 5. HP: 13/38 MP: 5/10
  2132 | D:2      | Reached skill level 6 in Fire Magic
  2531 | D:2      | Reached XP level 6. HP: 43/45 MP: 8/11
  3179 | D:2      | Learned a level 3 spell: Volatile Blastmotes
  3695 | D:3      | Noticed Natasha
  3702 | D:3      | Killed Natasha
  3927 | D:3      | Noticed Natasha
  3930 | D:3      | Killed Natasha
  4134 | D:3      | Noticed Natasha
  4140 | D:3      | Killed Natasha
  4141 | D:3      | Reached skill level 1 in Translocations
  4360 | D:3      | Learned a level 4 spell: Flame Wave
  4362 | D:4      | Noticed Duvessa
  4363 | D:4      | Noticed Dowan
  4368 | D:3      | Reached XP level 7. HP: 25/50 MP: 4/13
  4550 | D:4      | Reached skill level 7 in Fire Magic
  4711 | D:4      | Noticed Blork the orc
  4716 | D:4      | Killed Blork the orc
  4927 | D:4      | Killed Dowan
  4928 | D:4      | Reached skill level 5 in Spellcasting
  4939 | D:4      | Killed by an exploding adder... ignited by their inner
                  | flame

Illustrated notes

Levels and vault maps discovered:
D:1:      doesnt_arrival_eight_statues, layout_basic
D:2:      wad_river_or_something, layout_loops_corners, grunt_ministairs_6,
          minmay_hedge_maze, uniq_sigmund
D:3:      layout_loops_ring, uniq_natasha
D:4:      layout_cave_pools, uniq_blork_the_orc, uniq_duvessa, uniq_ijyb

Skill      XL: |  1  2  3  4  5  6  7 |
---------------+----------------------+-----
Conjurations   | 1 2 3 |  3.2
Spellcasting   | 2 3 4 5 |  5.0
Fire Magic     | 4 5 6 7 |  7.4
Hexes          | 1 |  1.0
Translocations | 1 |  1.0
Dodging        | |  1.3
Stealth        | |  1.4

Action                     |  1- 3 |  4- 6 |  7- 9 || total
---------------------------+-------+-------+-------++-------
  Melee: Unarmed           |     4 |       |       ||     4
         Short sword       |    18 |       |       ||    18
         Dagger            |     5 |    30 |       ||    35
   Cast: Foxfire           |    43 |    31 |    11 ||    85
         Scorch            |     4 |    19 |    12 ||    35
         Volatile Blastmot |       |     5 |       ||     5
         Inner Flame       |       |     4 |     8 ||    12
         Flame Wave        |       |     1 |       ||     1
  Evoke: Wand              |       |     2 |     5 ||     7
    Use: Potion            |     1 |       |       ||     1
         Scroll            |       |     4 |     2 ||     6
   Stab: Sleeping          |     1 |     2 |       ||     3
 Armour: Robe              |    15 |       |       ||    15
         Leather armour    |    10 |    31 |    15 ||    56
  Dodge: Dodged            |    30 |    27 |     9 ||    66

Table legend: (Time is in decaauts)
 A = Elapsed time spent in this place.
 B = Non-inter-level travel time spent in this place.
 C = Inter-level travel time spent in this place.
 D = Time resting spent in this place.
 E = Time spent auto-exploring this place.
 F = Levels seen in this place.
 G = Mean time per level.
                   A        B        C        D        E       F      G
               +--------+--------+--------+--------+--------+-----+--------+
         Total |   4936 |   4701 |    235 |      0 |   3964 |   4 | 1234.0 |
       Dungeon |   4936 |   4701 |    235 |      0 |   3964 |   4 | 1234.0 |
               +--------+--------+--------+--------+--------+-----+--------+

Top non-repeatable levels by time:
     D:2: 1849 daAuts
     D:1: 1467 daAuts
     D:3: 1408 daAuts
     D:4: 211 daAuts
